 Dungeon Crawl Stone Soup version 0.29-a0-1027-gcd8c55af63 (webtiles) character file.

Game seed: 13299174128081712310

614 greenreed the Cudgeller (level 7, -1/61 HPs)
             Began as a Minotaur Monk on Aug 13, 2022.
             Was a High Priest of Cheibriados.
             Shot with an arrow by a centaur (11 damage)
             ... on level 5 of the Dungeon.
             The game lasted 00:09:00 (4131 turns).

greenreed the Cudgeller (Minotaur Monk)             Turns: 4131, Time: 00:09:01

Health: -1/61      AC:  3    Str: 28    XL:     7   Next: 20%
Magic:  5/8        EV: 15    Int: 18    God:    Cheibriados [*****.]
Gold:   98         SH:  0    Dex: 24    Spells: 6/6 levels left

rFire   . . .      SeeInvis .   v - +1 flail (protect)
rCold   . . .      Faith    .   (no shield)
rNeg    . . .      Spirit   .   b - +0 robe
rPois   .          Reflect  .   (helmet restricted)
rElec   .          Harm     .   (no cloak)
rCorr   .          Rampage  .   (no gloves)
Will    +....                   x - +0 pair of boots
Stlth   +++.......              (no amulet)
HPRegen 0.20/turn               q - ring of willpower
MPRegen 0.11/turn               (no ring)

@: very slow
A: horns 2, retaliatory headbutt
a: Renounce Religion, Bend Time, Temporal Distortion, Slouch, Step From Time


You were on level 5 of the Dungeon.
You worshipped Cheibriados.
Cheibriados was extremely pleased with you.
You visited 1 branch of the dungeon, and saw 5 of its levels.

You collected 273 gold pieces.
You spent 175 gold pieces at shops.

Inventory:

Hand Weapons
 a - a +0 mace
 p - a +0 flail
 v - a +1 flail of protection (weapon)
Missiles
 m - 13 poisoned darts (quivered)
Armour
 b - a +0 robe (worn)
 x - a +0 pair of boots (worn)
Jewellery
 l - a ring of magical power
 q - a ring of willpower (left hand)
 u - an amulet of magic regeneration
Scrolls
 e - a scroll of poison {unknown}
 f - a scroll of enchant weapon {unknown}
 g - 2 scrolls of teleportation {unknown}
 h - 2 scrolls of fog {unknown}
 j - 2 scrolls of immolation {unknown}
 k - 4 scrolls of identify {unknown}
 n - a scroll of brand weapon {unknown}
 r - 2 scrolls of amnesia {unknown}
 s - a scroll of blinking {unknown}
Potions
 c - a potion of ambrosia
 d - a potion of mutation {unknown}
 i - 6 potions of curing
 o - a potion of haste {unknown}
 t - a potion of might {unknown}
 w - 3 potions of invisibility {unknown}


   Skills:
 + Level 5.1 Fighting
 + Level 6.7 Maces & Flails
 + Level 4.4 Dodging
 + Level 3.2 Stealth
 * Level 3.0 Invocations


You had 6 spell levels left.
You didn't know any spells.
Your spell library was empty.

Dungeon Overview and Level Annotations

Branches:
Dungeon (5/15)
 Temple: D:4-7

Altars:
Cheibriados

Shops:
D:4 =:(:


Innate Abilities, Weirdness & Mutations

You have a pair of horns on your head.
You reflexively headbutt those who attack you in melee.


Message History

The centaur kicks the bush but does no damage.
The centaur wields a +0 shortbow.
The centaur shoots an arrow.
The arrow hits you.
The centaur shoots an arrow.
The arrow hits you.
The centaur unwields a +0 shortbow.
The centaur hits the bush but does no damage.
The centaur kicks the bush but does no damage.
The centaur wields a +0 shortbow.
The centaur shoots an arrow.
The arrow closely misses you.
You hit the bush.
You headbutt the bush, but do no damage.
The bush is moderately damaged.
The centaur shoots an arrow.
The arrow hits you.
* * * LOW HITPOINT WARNING * * *
You hit the bush.
You headbutt the bush, but do no damage.
The bush is moderately damaged.
The centaur shoots an arrow.
The arrow completely misses you.
The centaur shoots an arrow.
The arrow barely misses you.
You hit the bush but do no damage. You headbutt the bush!
The bush is heavily damaged.
The centaur shoots an arrow.
The arrow hits you!
* * * LOW HITPOINT WARNING * * *
You hit the bush.
You headbutt the bush, but do no damage.
The bush is heavily damaged.
The centaur unwields a +0 shortbow.
The centaur hits the bush.
The centaur kicks the bush.
The centaur hits the bush but does no damage.
The centaur kicks the bush but does no damage.
You sock the bush!
The bush is severely damaged.
The centaur wields a +0 shortbow.
The centaur shoots an arrow.
The arrow hits you.
* * * LOW HITPOINT WARNING * * *
You hit the bush but do no damage.
The bush is severely damaged.
The centaur shoots an arrow.
The arrow completely misses you.
The centaur shoots an arrow.
The arrow hits you!
You die...

...[.......#
............#
............#
............#######
...$..............#
...........######.#
...........# #.#
#..........# ####.#
.##....≈≈####@...#
#....≈..?cP....#
#..$.≈≈####...##
######.......#
#####
....##.......#
..#<...#....##
#........####
#####.#### #.#


You could see a centaur.

Vanquished Creatures
  2 ogres (D:4)
  2 scorpions
  A necrophage (D:4)
  A gnoll bouda (D:4)
  A hound (D:4)
  A jelly (D:4)
  8 gnolls
  3 adders
  A dart slug (D:1)
  An orc (D:3)
  9 ball pythons
  8 bats
  3 endoplasms
  2 giant cockroaches
  10 goblins
  5 hobgoblins
  7 jackals
  4 kobolds
  4 quokkas
  2 frilled lizards (D:1)
  6 rats
81 creatures vanquished.

Vanquished Creatures (others)
  3 fungi (D:4)
  3 toadstools (D:4)
6 creatures vanquished.

Grand Total: 87 creatures vanquished

Notes
Turn   | Place    | Note
-------+----------+-------------------------------------------
     0 | D:1      | greenreed the Minotaur Monk began the quest for the Orb.
     0 | D:1      | Reached XP level 1. HP: 19/19 MP: 0/0
   218 | D:1      | Reached XP level 2. HP: 8/27 MP: 1/1
   460 | D:1      | Reached skill level 4 in Maces & Flails
   612 | D:1      | Found a faded altar of an unknown god.
   625 | D:1      | Prayed at the altar of an unknown god.
   625 | D:1      | Became a worshipper of Cheibriados the Contemplative
   625 | D:1      | Reached * piety under Cheibriados
   625 | D:1      | Reached ** piety under Cheibriados
   820 | D:1      | Reached *** piety under Cheibriados
   946 | D:1      | Reached XP level 3. HP: 23/33 MP: 2/2
  1986 | D:2      | Reached skill level 1 in Invocations
  1986 | D:2      | Reached **** piety under Cheibriados
  2026 | D:3      | Reached XP level 4. HP: 38/40 MP: 3/3
  2919 | D:4      | Noticed a necrophage
  2920 | D:4      | Noticed an ogre
  2942 | D:4      | Noticed a scorpion
  2947 | D:4      | Killed a scorpion
  2948 | D:4      | Reached skill level 5 in Maces & Flails
  2948 | D:4      | Reached XP level 5. HP: 47/47 MP: 5/5
  2982 | D:4      | Reached XP level 6. HP: 53/53 MP: 6/6
  2988 | D:4      | HP: 2/53 [ogre/+0 giant club (21)]
  3373 | D:4      | Found Wira's Antique Weapon Shop.
  3373 | D:4      | Found Yguciun's Jewellery Shop.
  3375 | D:4      | Found Tokoteho's Book Shop.
  3380 | D:4      | Found Nuoneg's Book Shop.
  3391 | D:4      | Bought a runed flail for 175 gold pieces
  3423 | D:4      | Reached skill level 5 in Fighting
  3423 | D:4      | Reached skill level 6 in Maces & Flails
  3427 | D:4      | Reached ***** piety under Cheibriados
  3555 | D:4      | Reached XP level 7. HP: 60/61 MP: 8/8
  3960 | D:5      | Entered Level 5 of the Dungeon
  4131 | D:5      | Shot with an arrow by a centaur

Illustrated notes

Levels and vault maps discovered:
D:1:      shiori_arrival_oz, layout_loops_ring,
          hellmonk_ecumenical_altar_heavens_door, minmay_indecisive_spiral
D:2:      layout_loops_ring, st_stairs_3
D:3:      layout_loops_ring, minmay_misc_feat_more_columns, st_stairs_4
D:4:      layout_rooms, nicolae_zen_rock_garden, minmay_shop_grid_forest,
          minmay_misc_feat_tiny, minmay_gold_behind_fungi
D:5:      layout_rooms, lemuel_round_altar, gammafunk_ghost_arena, fountainhead,
          kb_lookout_dungeons_type, minmay_manual_monstrance

Skill      XL: |  1  2  3  4  5  6  7 |
---------------+----------------------+-----
Maces & Flails | 4 5 6 |  6.7
Fighting       | 4 5 |  5.1
Invocations    | 1 2 3 |  3.0
Dodging        | 4 |  4.4
Stealth        | 2 3 |  3.2

Action                   |  1- 3 |  4- 6 |  7- 9 || total
-------------------------+-------+-------+-------++-------
Melee: Mace              |    82 |     8 |       ||    90
       Headbutt          |     8 |    11 |     6 ||    25
       Flail             |       |    49 |    17 ||    66
       Punch             |       |     1 |       ||     1
Invok: Temporal Distorti |       |       |     1 ||     1
 Stab: Distracted        |     3 |       |       ||     3
       Sleeping          |     2 |     3 |       ||     5
Armor: Robe              |    14 |     8 |     6 ||    28
Dodge: Dodged            |    62 |    53 |    19 ||   134

Table legend: (Time is in decaauts)
 A = Elapsed time spent in this place.
 B = Non-inter-level travel time spent in this place.
 C = Inter-level travel time spent in this place.
 D = Time resting spent in this place.
 E = Time spent auto-exploring this place.
 F = Levels seen in this place.
 G = Mean time per level.
                   A        B        C        D        E       F      G
               +--------+--------+--------+--------+--------+-----+--------+
         Total |   5693 |   5522 |    171 |    132 |   4666 |   5 | 1138.6 |
       Dungeon |   5693 |   5522 |    171 |    132 |   4666 |   5 | 1138.6 |
               +--------+--------+--------+--------+--------+-----+--------+

Top non-repeatable levels by time:
     D:1: 1582 daAuts
     D:4: 1418 daAuts
     D:3: 1363 daAuts
     D:2: 1127 daAuts
     D:5: 201 daAuts
